 Dungeon Crawl Stone Soup version 0.30.0-29-ga12c61a403 (webtiles) character file.

Game seed: 7290094385490094164

28 hawla the Firebug (level 3, -9/26 HPs)
             Began as a Meteoran Fire Elementalist on June 9, 2023.
             Mangled by an ogre
             ... wielding a +0 giant spiked club
              (35 damage)
             ... on level 4 of the Dungeon.
             The game lasted 00:03:11 (473 turns).

hawla the Firebug (Meteoran Fire Elementalist)       Turns: 473, Time: 00:03:12

Health: -9/26      AC:  3    Str:  9    XL:     3   Next: 50%
Magic:  5/8        EV: 12    Int: 19    God:
Gold:   34         SH:  0    Dex: 14    Spells: 5/8 levels left

rFire   . . .        (no weapon)
rCold   . . .        (no shield)
rNeg    . . .        a - +0 robe
rPois   .            (no helmet)
rElec   .            f - +0 cloak
rCorr   .            (no gloves)
SInv    .            (no boots)
Will    .....        (no amulet)
Stlth   +            (no ring)
HPRegen 0.24/turn    (no ring)
MPRegen 0.11/turn

%: no passive effects
@: glowing
A: sense surroundings 1, otherworldly, glowing, explore regen
a: no special abilities


You were on level 4 of the Dungeon.
You visited 1 branch of the dungeon, and saw 4 of its levels.

You collected 34 gold pieces.

Inventory:

Armour
 a - a +0 robe (worn)
 f - a +0 cloak (worn)
Scrolls
 c - a scroll of teleportation
Potions
 b - a potion of magic
 d - a potion of might {unknown}


   Skills:
 + Level 2.5 Dodging
 - Level 1.4 Stealth
 + Level 3.0 Spellcasting
 + Level 1.2 Conjurations
 + Level 4.8 Fire Magic


You had 5 spell levels left.
You knew the following spells:

 Your Spells              Type           Power      Damage    Failure   Level
a - Foxfire               Conj/Fire      56%        2x1d6     4%          1
b - Scorch                Fire           42%        2d7       3%          2

Your spell library contained the following spells:

 Spells                   Type           Power      Damage    Failure   Level
 Inner Flame              Hex/Fire       12%        N/A       17%         3
 Volatile Blastmotes      Fire/Tloc      24%        2d12      17%         3
 Flame Wave               Conj/Fire      14%        2d6       41%         4


Dungeon Overview and Level Annotations

Branches:
Dungeon (4/15) Zot: 1926
 Temple: D:4-7

Altars:


Innate Abilities, Weirdness & Mutations

You passively map a small area around you.
You are easily found by Zot.
You glow in the dark.
You regain HP and MP as you explore.


Message History

Casting: Foxfire (safe; 4% risk of failure)
Confirm with . or Enter, or press ? or * to list all spells.
You conjure some foxfire!
Casting: Foxfire (safe; 4% risk of failure)
Confirm with . or Enter, or press ? or * to list all spells.
You conjure some foxfire!
Casting: Foxfire (safe; 4% risk of failure)
Confirm with . or Enter, or press ? or * to list all spells.
You conjure some foxfire!
The foxfire hits the giant cockroach.
The giant cockroach is moderately wounded.
The foxfire hits the giant cockroach.
You kill the giant cockroach!
Unknown command.
Your foxfire dissipates!
Your foxfire dissipates!
Your foxfire dissipates!
You open the door.
There is an open door here.
Found a stone staircase leading up.
You feel your willpower return.
Found a stone staircase leading down.
You open the door.
There is an open door here.
You open the door.
There is an open door here.
An ogre comes into view. It is wielding a +0 giant spiked club.
The ogre shouts!
Casting: Foxfire (safe; 4% risk of failure)
Confirm with . or Enter, or press ? or * to list all spells.
You conjure some foxfire!
Casting: Foxfire (safe; 4% risk of failure)
Confirm with . or Enter, or press ? or * to list all spells.
Flames lash the ogre.
The ogre is lightly wounded.
The ogre's fire resistance burns away.
The foxfire hits the ogre.
The ogre is burned terribly!
The ogre is moderately wounded.
The ogre hits you with a +0 giant spiked club!!
Ouch! That really hurt!
You die...

, , #.....###.##+##..
* *
.....######.##.##..#
#.....#...#..........
*
#.....#...'..........
, *
#.....#...#......>...
#.... +...########...
, , #...#......# .. ,
#v§§§......# *# ,
#####@.....#
#....O.§....#
#...........# ,
#.....#######* ,
#..... * , #.....* *
, #.....* , , #.....
, , ,, ,


You could see an ogre (combustible).

Vanquished Creatures
  A worm (D:3)
  2 endoplasms (D:2)
  2 giant cockroaches
  3 hobgoblins
  2 quokkas
  3 bats
  3 frilled lizards
  5 goblins
  A kobold (D:2)
  3 rats
25 creatures vanquished.

Vanquished Creatures (others)
  63 foxfires
63 creatures vanquished.

Grand Total: 88 creatures vanquished

Notes
Turn   | Place    | Note
-------+----------+-------------------------------------------
     0 | D:1      | hawla the Meteoran Fire Elementalist began the quest for
                  | the Orb.
     0 | D:1      | Reached XP level 1. HP: 14/14 MP: 5/5
    36 | D:1      | Reached skill level 4 in Fire Magic
    36 | D:1      | Reached XP level 2. HP: 20/20 MP: 2/6
   148 | D:2      | Reached XP level 3. HP: 14/26 MP: 4/8
   439 | D:4      | Learned a level 2 spell: Scorch
   471 | D:4      | Noticed an ogre
   473 | D:4      | Mangled by an ogre

Illustrated notes

Levels and vault maps discovered:
D:1:      scummos_arrival_star, layout_loops_cross,
          amcnicky_mini_corridor_feature
D:2:      layout_loops_ring, uniq_jessica
D:3:      layout_basic
D:4:      layout_gridville, gammafunk_temple_overflow_statue,
          minmay_temple_entry_antechambers

Skill      XL: |  1  2  3 |
---------------+----------+-----
Fire Magic     | 4 |  4.8
Spellcasting   | 3 |  3.0
Dodging        | |  2.5
Stealth        | |  1.4
Conjurations   | |  1.2

Action                     || total
---------------------------++-------
  Melee: Unarmed           ||    15
         Punch             ||     1
   Cast: Foxfire           ||    38
         Scorch            ||     1
    Use: Scroll            ||     4
 Armour: Robe              ||     7
  Dodge: Dodged            ||    14
